| TOP OF THE 1ST |
|
Toronto Blue Jays batting - Pitching for Oakland Athletics : RHP Todd Van Poppel
|
|
Pitching: RHP Todd Van Poppel
|
|
|
Batting: LHB Lance Johnson
|
0-0: Called Strike 0-1: Ball 1-1: SINGLE (Line Drive, 8RS, EV 98.8 MPH)
|
|
Batting: RHB Derek Jeter
|
0-0: Fielders Choice at 2nd, 5-4 (Groundball, 56, EV 104.4 MPH)
|
|
Batting: LHB Will Clark
|
0-0: Ball 1-0: 2-RUN HOME RUN (Flyball, 89XD, EV 95.6 MPH), Distance : 397 ft
|
|
Batting: RHB Mark McGwire
|
0-0: Foul Ball, location: 2F 0-1: Ball 1-1: Swinging Strike 1-2: Strikes out swinging
|
|
Batting: RHB Ellis Burks
|
0-0: Ball 1-0: Ball 2-0: Ball 3-0: Called Strike 3-1: Base on Balls
|
|
Batting: RHB Roberto Kelly
|
0-0: Swinging Strike 0-1: Called Strike 0-2: Ball 1-2: Strikes out swinging
|
| Top of the 1st over - 2 runs, 2 hits, 0 errors, 1 left on base; Toronto 2 - Oakland 0 |
| BOTTOM OF THE 1ST |
|
Oakland Athletics batting - Pitching for Toronto Blue Jays : RHP Hipolito Pichardo
|
|
Pitching: RHP Hipolito Pichardo
|
|
|
Batting: RHB Rickey Henderson
|
0-0: Foul Ball, location: 2F 0-1: Swinging Strike 0-2: Ball 1-2: Ball 2-2: Fly out, F8 (Flyball, 8LM, EV 85.6 MPH)
|
|
Batting: SHB Geronimo Pena
|
0-0: Ball 1-0: Ball 2-0: Ball 3-0: DOUBLE (Line Drive, 9LM, EV 108.1 MPH)
|
|
Batting: LHB John Olerud
|
0-0: Ball 1-0: Foul Ball, location: 2F 1-1: Foul Ball, location: 2F 1-2: Ball 2-2: Fly out, F8 (Flyball, 78D, EV 88.8 MPH)
|
|
Batting: RHB Herbert Perry
|
0-0: Ball 1-0: Ground out 1-3 (Groundball, 13S, EV 65.6 MPH)
|
| Bottom of the 1st over - 0 runs, 1 hit, 0 errors, 1 left on base; Toronto 2 - Oakland 0 |
| TOP OF THE 2ND |
|
Toronto Blue Jays batting - Pitching for Oakland Athletics : RHP Todd Van Poppel
|
|
Batting: RHB Hector Villanueva
|
0-0: Called Strike 0-1: Fly out, F8 (Flyball, 8LM, EV 87.5 MPH)
|
|
Batting: RHB Dean Palmer
|
0-0: Called Strike 0-1: Ground out 5-3 (Groundball, 56, EV 83.1 MPH)
|
|
Batting: SHB Tony Fernandez
|
0-0: Ball 1-0: Ball 2-0: Bunt missed! 2-1: Foul Ball, location: 2F 2-2: SINGLE (Groundball, 34D, EV 98.1 MPH)
|
|
Batting: LHB Lance Johnson
|
0-0: Called Strike 0-1: Ground out 4-3 (Groundball, 4, EV 103.1 MPH)
|
| Top of the 2nd over - 0 runs, 1 hit, 0 errors, 1 left on base; Toronto 2 - Oakland 0 |
| BOTTOM OF THE 2ND |
|
Oakland Athletics batting - Pitching for Toronto Blue Jays : RHP Hipolito Pichardo
|
|
Batting: LHB David Justice
|
0-0: Foul Ball, location: 2F 0-1: Called Strike 0-2: Foul Ball, location: 2F 0-2: Strikes out looking
|
|
Batting: RHB Jay Buhner
|
0-0: Ball 1-0: Foul Ball, location: 2F 1-1: Called Strike 1-2: Ball 2-2: Ball 3-2: Base on Balls
|
|
Batting: SHB Chuck Carr
|
0-0: Ball 1-0: Fly out, F7 (Flyball, 7S, EV 86.3 MPH)
|
|
Batting: RHB Kirt Manwaring
|
0-0: Called Strike 0-1: Called Strike 0-2: Strikes out swinging
|
| Bottom of the 2nd over - 0 runs, 0 hits, 0 errors, 1 left on base; Toronto 2 - Oakland 0 |
| TOP OF THE 3RD |
|
Toronto Blue Jays batting - Pitching for Oakland Athletics : RHP Todd Van Poppel
|
|
Batting: RHB Derek Jeter
|
0-0: Ball 1-0: Called Strike 1-1: SINGLE (Groundball, 56D, EV 108.8 MPH)
|
|
Batting: LHB Will Clark
|
0-0: Bunted foul 0-1: Ball 1-1: Bunted foul 1-2: SINGLE (Groundball, 4D, EV 94.4 MPH) Derek Jeter to second Runner from 2nd tries for 3rd, SAFE, no throw by CF
|
|
Batting: RHB Mark McGwire
|
0-0: Called Strike 0-1: Ball 1-1: Swinging Strike 1-2: Strikes out swinging
|
|
Batting: RHB Ellis Burks
|
0-0: Ball 1-0: Fly out, F7 (Line Drive, 7D, EV 94.4 MPH) Runner from 3rd tags up, SCORES, throw by LF
|
|
Batting: RHB Roberto Kelly
|
0-0: Ball 1-0: Ground out 5-3 (Groundball, 56S, EV 71.3 MPH)
|
| Top of the 3rd over - 1 run, 2 hits, 0 errors, 1 left on base; Toronto 3 - Oakland 0 |
| BOTTOM OF THE 3RD |
|
Oakland Athletics batting - Pitching for Toronto Blue Jays : RHP Hipolito Pichardo
|
|
Batting: RHB Benji Gil
|
0-0: Ball 1-0: Ball 2-0: Called Strike 2-1: Called Strike 2-2: Foul Ball, location: 2F 2-2: Foul Ball, location: 2F 2-2: Ball 3-2: Foul Ball, location: 2F 3-2: Foul Ball, location: 2F 3-2: Base on Balls
|
|
Batting: RHB Rickey Henderson
|
0-0: Ball Benji Gil steals 2nd, throwing error, E2 Benji Gil to third 1-0: Called Strike 1-1: Ball 2-1: Ball 3-1: Called Strike 3-2: SINGLE (Groundball, 34D, EV 95.0 MPH) Benji Gil scores
|
|
Batting: SHB Geronimo Pena
|
0-0: Called Strike 0-1: Ball 1-1: Ball 2-1: Ball 3-1: Foul Ball, location: 2F 3-2: Base on Balls Rickey Henderson to second
|
|
Batting: LHB John Olerud
|
0-0: Called Strike 0-1: Ball 1-1: Grounds into double play, 3-6-3 (Groundball, 3, EV 85.0 MPH) Rickey Henderson to third
|
|
Batting: RHB Herbert Perry
|
0-0: Swinging Strike 0-1: Ball 1-1: Foul Ball, location: 2F 1-2: Ground out 6-3 (Groundball, 56, EV 85.6 MPH)
|
| Bottom of the 3rd over - 1 run, 1 hit, 1 error, 1 left on base; Toronto 3 - Oakland 1 |
| TOP OF THE 4TH |
|
Toronto Blue Jays batting - Pitching for Oakland Athletics : RHP Todd Van Poppel
|
|
Batting: RHB Hector Villanueva
|
0-0: Called Strike 0-1: Ball 1-1: Ball 2-1: Swinging Strike 2-2: Foul Ball, location: 2F 2-2: Strikes out swinging
|
|
Batting: RHB Dean Palmer
|
0-0: Ball 1-0: Ball 2-0: Swinging Strike 2-1: Ball 3-1: Base on Balls
|
|
Batting: SHB Tony Fernandez
|
0-0: Ball 1-0: DOUBLE (Groundball, 3L, EV 108.8 MPH) Dean Palmer to third Runner from 3rd tries for Home, SAFE, throw by RF to trailing runner, SAFE at third!
|
|
Batting: LHB Lance Johnson
|
0-0: Ball 1-0: Ball 2-0: Fly out, F8 (Line Drive, 8RD, EV 100.0 MPH) Runner from 3rd tags up, SCORES, throw by CF
|
|
Batting: RHB Derek Jeter
|
0-0: Foul Ball, location: 2F 0-1: Called Strike 0-2: Ball 1-2: Ground out 5-3 (Groundball, 5, EV 90.6 MPH)
|
| Top of the 4th over - 2 runs, 1 hit, 0 errors, 0 left on base; Toronto 5 - Oakland 1 |
| BOTTOM OF THE 4TH |
|
Oakland Athletics batting - Pitching for Toronto Blue Jays : RHP Hipolito Pichardo
|
|
Batting: LHB David Justice
|
0-0: Ball 1-0: Called Strike 1-1: Ball 2-1: Ground out 3-1 (Groundball, 34, EV 90.6 MPH)
|
|
Batting: RHB Jay Buhner
|
0-0: Called Strike 0-1: Ball 1-1: Foul Ball, location: 2F 1-2: Ball 2-2: Ball 3-2: Ground out 6-3 (Groundball, 56, EV 81.9 MPH)
|
|
Batting: SHB Chuck Carr
|
0-0: Called Strike 0-1: Ball 1-1: Called Strike 1-2: Ball 2-2: Ball 3-2: Base on Balls
|
|
Batting: RHB Kirt Manwaring
|
0-0: Ball 1-0: Foul Ball, location: 2F 1-1: Ball 2-1: Ball 3-1: Base on Balls Chuck Carr to second
|
|
Batting: RHB Benji Gil
|
0-0: Foul Ball, location: 2F 0-1: Ball 1-1: Fly out, F4 (Popup, 13S, EV 82.5 MPH)
|
| Bottom of the 4th over - 0 runs, 0 hits, 0 errors, 2 left on base; Toronto 5 - Oakland 1 |
| TOP OF THE 5TH |
|
Toronto Blue Jays batting - Pitching for Oakland Athletics : RHP Todd Van Poppel
|
|
Batting: LHB Will Clark
|
0-0: Called Strike 0-1: Foul Ball, location: 2F 0-2: Ball 1-2: Ball 2-2: Foul Ball, location: 2F 2-2: Foul Ball, location: 2F 2-2: SINGLE (Line Drive, 78M, EV 101.3 MPH)
|
|
Batting: RHB Mark McGwire
|
0-0: Ball 1-0: Ball 2-0: Swinging Strike 2-1: Swinging Strike 2-2: Ball 3-2: Foul Ball, location: 2F 3-2: Base on Balls Will Clark to second
|
|
Batting: RHB Ellis Burks
|
0-0: Fly out, F7 (Line Drive, 7, EV 110.6 MPH)
|
|
Batting: RHB Roberto Kelly
|
0-0: Ball 1-0: Swinging Strike 1-1: Called Strike 1-2: Fielders Choice at 2nd, 6-4 (Groundball, 56, EV 87.5 MPH) Will Clark to third
|
|
Batting: RHB Hector Villanueva
|
0-0: Ball 1-0: Called Strike 1-1: Foul Ball, location: 2F 1-2: Ball 2-2: Ball Passed Ball! Will Clark scores Roberto Kelly to second 3-2: Ground out 1-3 (Groundball, 15S, EV 62.5 MPH)
|
| Top of the 5th over - 1 run, 1 hit, 0 errors, 1 left on base; Toronto 6 - Oakland 1 |
| BOTTOM OF THE 5TH |
|
Oakland Athletics batting - Pitching for Toronto Blue Jays : RHP Hipolito Pichardo
|
|
Batting: RHB Rickey Henderson
|
0-0: Ball 1-0: Foul Ball, location: 2F 1-1: Ball 2-1: Called Strike 2-2: Ball 3-2: SINGLE (Flyball, 89S, EV 92.5 MPH)
|
|
Batting: SHB Geronimo Pena
|
0-0: Swinging Strike 0-1: Ball 1-1: Called Strike 1-2: Foul Ball, location: 2F 1-2: Strikes out swinging
|
|
Batting: LHB John Olerud
|
0-0: Called Strike 0-1: Foul Ball, location: 2F 0-2: Ball 1-2: Ground out 5-3 (Groundball, 56, EV 80.6 MPH) Rickey Henderson to second
|
|
Batting: RHB Herbert Perry
|
0-0: Ball 1-0: Ball 2-0: Ball 3-0: Called Strike 3-1: Called Strike 3-2: Ground out 1-3 (Groundball, 13S, EV 68.1 MPH)
|
| Bottom of the 5th over - 0 runs, 1 hit, 0 errors, 1 left on base; Toronto 6 - Oakland 1 |
| TOP OF THE 6TH |
|
Toronto Blue Jays batting - Pitching for Oakland Athletics : RHP Todd Van Poppel
|
|
Batting: RHB Dean Palmer
|
0-0: Ball 1-0: Ground out 5-3 (Groundball, 56, EV 102.5 MPH)
|
|
Batting: SHB Tony Fernandez
|
0-0: Swinging Strike 0-1: Ball 1-1: Swinging Strike 1-2: Foul Ball, location: 2F 1-2: Strikes out swinging
|
|
Batting: LHB Lance Johnson
|
0-0: Fly out, F8 (Flyball, 8LD, EV 95.6 MPH)
|
| Top of the 6th over - 0 runs, 0 hits, 0 errors, 0 left on base; Toronto 6 - Oakland 1 |
| BOTTOM OF THE 6TH |
|
Oakland Athletics batting - Pitching for Toronto Blue Jays : RHP Hipolito Pichardo
|
|
Batting: LHB David Justice
|
0-0: Ground out 5-3 (Groundball, 5, EV 107.5 MPH)
|
|
Batting: RHB Jay Buhner
|
0-0: Foul Ball, location: 2F 0-1: Ball 1-1: Ball 2-1: Swinging Strike 2-2: Ground out 6-3 (Groundball, 6, EV 86.9 MPH)
|
|
Batting: SHB Chuck Carr
|
0-0: Ground out 6-3 (Groundball, 4MS, EV 67.5 MPH)
|
| Bottom of the 6th over - 0 runs, 0 hits, 0 errors, 0 left on base; Toronto 6 - Oakland 1 |
| TOP OF THE 7TH |
|
Toronto Blue Jays batting - Pitching for Oakland Athletics : RHP Todd Van Poppel
|
|
Batting: RHB Derek Jeter
|
0-0: Ball 1-0: Called Strike 1-1: Foul Ball, location: 2F 1-2: Strikes out swinging
|
|
Batting: LHB Will Clark
|
0-0: Ball 1-0: Ball 2-0: Foul Ball, location: 2F 2-1: Foul Ball, location: 2F 2-2: Strikes out swinging
|
|
Batting: RHB Mark McGwire
|
0-0: Ball 1-0: Foul Ball, location: 2F 1-1: Foul Ball, location: 2F 1-2: Ball 2-2: Ball 3-2: Foul Ball, location: 2F 3-2: Base on Balls
|
|
Pitching: RHP Jeff C D'Amico
|
|
|
Batting: RHB Ellis Burks
|
0-0: Fly out, F9 (Line Drive, 9, EV 103.8 MPH)
|
| Top of the 7th over - 0 runs, 0 hits, 0 errors, 1 left on base; Toronto 6 - Oakland 1 |
| BOTTOM OF THE 7TH |
|
Oakland Athletics batting - Pitching for Toronto Blue Jays : RHP Hipolito Pichardo
|
|
Pitching: RHP Jim Corsi
|
|
|
Batting: RHB Kirt Manwaring
|
0-0: Called Strike 0-1: Ball 1-1: Ground out 6-3 (Groundball, 6, EV 108.1 MPH)
|
|
Batting: RHB Benji Gil
|
0-0: Ball 1-0: SINGLE (Groundball, 5S, EV 70.0 MPH) (infield hit)
|
|
Batting: RHB Rickey Henderson
|
0-0: Called Strike 0-1: Ball 1-1: Foul Ball, location: 2F 1-2: Foul Ball, location: 2F 1-2: Ball 2-2: Ball 3-2: TRIPLE (Flyball, 9LD, EV 101.3 MPH) Benji Gil scores
|
|
Pitching: RHP Ramon Pena
|
|
|
Batting: SHB Geronimo Pena
|
0-0: Ball 1-0: Ball 2-0: Called Strike 2-1: Ball 3-1: Foul Ball, location: 2F 3-2: Ground out 1-3 (Groundball, P, EV 71.3 MPH)
|
|
Batting: LHB John Olerud
|
0-0: Called Strike 0-1: Ball 1-1: Ground out 4-3 (Groundball, 4M, EV 84.4 MPH)
|
| Bottom of the 7th over - 1 run, 2 hits, 0 errors, 1 left on base; Toronto 6 - Oakland 2 |
| TOP OF THE 8TH |
|
Toronto Blue Jays batting - Pitching for Oakland Athletics : RHP Jeff C D'Amico
|
|
Batting: RHB Roberto Kelly
|
0-0: Ball 1-0: Swinging Strike 1-1: Called Strike 1-2: Strikes out looking
|
|
Batting: RHB Hector Villanueva
|
0-0: Foul Ball, location: 2F 0-1: Swinging Strike 0-2: Strikes out swinging
|
|
Batting: RHB Dean Palmer
|
0-0: Swinging Strike 0-1: Ball 1-1: Swinging Strike 1-2: Strikes out looking
|
| Top of the 8th over - 0 runs, 0 hits, 0 errors, 0 left on base; Toronto 6 - Oakland 2 |
| BOTTOM OF THE 8TH |
|
Oakland Athletics batting - Pitching for Toronto Blue Jays : RHP Ramon Pena
|
|
Batting: RHB Herbert Perry
|
0-0: Swinging Strike 0-1: Ball 1-1: Fly out, F8 (Flyball, 8LS, EV 95.0 MPH)
|
|
Batting: LHB David Justice
|
0-0: Ball 1-0: Fly out, F7 (Flyball, 78M, EV 75.0 MPH)
|
|
Batting: RHB Jay Buhner
|
0-0: Swinging Strike 0-1: Called Strike 0-2: Ball 1-2: Ball 2-2: Ball 3-2: SINGLE (Flyball, 89M, EV 95.6 MPH)
|
|
Batting: SHB Chuck Carr
|
0-0: Ball 1-0: Swinging Strike 1-1: Foul Ball, location: 2F 1-2: Ball 2-2: Fly out, F9 (Flyball, 9, EV 88.8 MPH)
|
| Bottom of the 8th over - 0 runs, 1 hit, 0 errors, 1 left on base; Toronto 6 - Oakland 2 |
| TOP OF THE 9TH |
|
Toronto Blue Jays batting - Pitching for Oakland Athletics : RHP Jeff C D'Amico
|
|
Batting: SHB Tony Fernandez
|
0-0: Called Strike 0-1: Swinging Strike 0-2: Ball 1-2: Ball 2-2: Ball 3-2: Strikes out swinging
|
|
Batting: LHB Lance Johnson
|
0-0: Ball 1-0: Ball 2-0: Ground out U3 (Groundball, 3L, EV 103.1 MPH)
|
|
Batting: RHB Derek Jeter
|
0-0: Foul Ball, location: 2F 0-1: Swinging Strike 0-2: Ball 1-2: Strikes out swinging
|
| Top of the 9th over - 0 runs, 0 hits, 0 errors, 0 left on base; Toronto 6 - Oakland 2 |
| BOTTOM OF THE 9TH |
|
Oakland Athletics batting - Pitching for Toronto Blue Jays : RHP Ramon Pena
|
|
Batting: RHB Kirt Manwaring
|
0-0: Ball 1-0: Ball 2-0: Ball 3-0: Base on Balls
|
|
Pitching: RHP Frank Wills
|
|
|
Batting: RHB Benji Gil
|
0-0: Called Strike 0-1: Ball 1-1: Fielders Choice at 2nd, 1-4 (Groundball, P, EV 85.6 MPH)
|
|
Batting: RHB Rickey Henderson
|
0-0: Ball 1-0: Called Strike 1-1: SINGLE (Flyball, 3D, EV 93.1 MPH) Benji Gil to second
|
|
Batting: SHB Geronimo Pena
|
0-0: Called Strike 0-1: Ball 1-1: Ball 2-1: Swinging Strike 2-2: Ball 3-2: Strikes out swinging
|
|
Batting: LHB John Olerud
|
0-0: Ball 1-0: Fielders Choice at 2nd, 5-4 (Groundball, 5, EV 86.3 MPH)
|
| Bottom of the 9th over - 0 runs, 1 hit, 0 errors, 2 left on base; Toronto 6 - Oakland 2 |
|